 Dungeon Crawl Stone Soup version 0.17-a0-1731-g129c023 (webtiles) character file.

4 sozforex the Magician (level 1, 0/10 HPs)
             Began as a Gargoyle Wizard on Aug 29, 2015.
             Slain by a jackal (2 damage)
             ... on level 1 of the Dungeon.
             The game lasted 00:05:03 (248 turns).

sozforex the Magician (Gargoyle Wizard)              Turns: 248, Time: 00:05:03

Health: 0/10       AC:  4    Str: 10    XL:     1   Next: 70%
Magic:  2/4        EV: 11    Int: 18    God:
Gold:   33         SH:  0    Dex:  8    Spells: 1 memorised, 5 levels left

rFire  . . .     SeeInvis .     (no weapon)
rCold  . . .     Clarity  .     a - +0 robe
rNeg   + . .     SustAt   .     (no shield)
rPois  ∞         Gourm    .     b - +0 hat
rElec  +         Spirit   .     (no cloak)
rCorr  .         Warding  .     (no gloves)
rMut   .         Stasis   .     (no boots)
MR     .....                    (no amulet)
Stlth  ++........               (no ring)
                                (no ring)

@: not resistant to hostile enchantments, unstealthy
A: negative energy resistance 1, electricity resistance, unbreathing,
petrification resistance, rot immunity, AC +2
a: no special abilities


You were on level 1 of the Dungeon.
You were not hungry.

You visited 1 branch of the dungeon, and saw 1 of its levels.

You collected 33 gold pieces.

Inventory:

Hand weapons
 g - a +0 dagger
Missiles
 f - 3 needles of paralysis
Armour
 a - a +0 robe (worn)
 b - a +0 hat (worn)
Scrolls
 e - a scroll of identify {unknown}
 i - a scroll of enchant weapon {unknown}
Potions
 h - a potion of curing {unknown}
Books
 c - a book of Minor Magic

   Spells                             Type                      Level
   a - Magic Dart                     Conjuration                  1
   b - Blink                          Translocation                2
   c - Call Imp                       Summoning                    2
   d - Repel Missiles                 Charms/Air                   2
   e - Slow                           Hexes                        2
   f - Conjure Flame                  Conjuration/Fire             3
   g - Mephitic Cloud                 Conjuration/Poison/Air       3
Comestibles
 d - 3 bread rations


   Skills:
 - Level 1.5 Dodging
 - Level 2.1 Stealth
 * Level 3.2 Spellcasting
 + Level 1.2 Conjurations
   Level 0.8 Summonings
   Level 0.8 Translocations


You had 5 spell levels left.
You knew the following spells:

 Your Spells              Type           Power        Failure   Level  Hunger
a - Magic Dart            Conj           #...         12%         1    None


Dungeon Overview and Level Annotations

Branches:
Dungeon (1/15)

Altars:


Innate Abilities, Weirdness & Mutations

You are resistant to torment.
Your stone body is resilient (AC +2).
You are immune to poison.
You resist negative energy.
You are resistant to electric shocks.
You can survive without breathing.
You are immune to petrification.
You are immune to rotting.


Message History

You are too injured to fight recklessly!
You are too injured to fight recklessly!
You are too injured to fight recklessly!
You are too injured to fight recklessly!
You are too injured to fight recklessly!
You hit the jackal.
The jackal is moderately wounded.
The jackal barely misses you. The jackal closely misses you.
The kobold hits you but does no damage. The jackal misses you.
You hit the jackal.
The jackal is heavily wounded.
The jackal bites you but does no damage. x2
The kobold hits you but does no damage.
Your magical contamination has completely faded away.
You closely miss the jackal.
The jackal is heavily wounded.
The jackal bites you.
* * * LOW HITPOINT WARNING * * *
The jackal bites you.
You die...

....# #.#.# #.# .###### ..# #K#.#
#.##### .##...##### #.#
#.#.###.##... ..#.#.....# #.#
#..........#. ####...##
#.#####.###.##.#. ...'....#
#.##....###.##...
####....#.#######.##.#...........
........#........K##.#.####.####.
.......## ######@h..........##...
..####.# ##.....>h.....#######.#.
.## #.###...###..(....# ####.#.
.# #.##.....##.......# #......
.#####.#.......#.......# #.##.#.
...........%......####.# #.##.#.
######.#.......#..####.####.##.#.
#.........##...............#.
#........###.#####...........


You could see 2 jackals and a kobold.

Vanquished Creatures
  A kobold (D:1)
  A bat (D:1)
  2 giant cockroaches (D:1)
  A goblin (D:1)
5 creatures vanquished.

Notes
Turn   | Place    | Note
--------------------------------------------------------------
     0 | D:1      | sozforex the Gargoyle Wizard began the quest for the Orb.
     0 | D:1      | Reached XP level 1. HP: 10/10 MP: 4/4
   248 | D:1      | Slain by a jackal

Vault maps used:
D:1:      shiori_shiawase, kennysheep_small_spiral

Action                   || total
-------------------------++-------
Melee: Unarmed           ||     7
 Cast: Magic Dart        ||     9
